 Dungeon Crawl Stone Soup version 0.22.3-3-g34f245f157 (webtiles) character file.

20440 DrunkBamboolord the Protected (level 12, -13/110 HPs)
             Began as a Minotaur Fighter on Apr 8, 2024.
             Was the Champion of Okawaru.
             Mangled by a white ugly thing (29 damage)
             ... on level 12 of the Dungeon on Apr 14, 2024.
             The game lasted 00:43:09 (13799 turns).

DrunkBamboolord the Protected (Minotaur Fighter)   Turns: 13799, Time: 00:43:10

Health: -13/110    AC: 12    Str: 27    XL:     12   Next: 45%
Magic:  15/15      EV: 17    Int:  5    God:    Okawaru [******]
Gold:   842        SH:  8    Dex:  9    Spells: 11/11 levels left

rFire    + . .     SeeInvis .   U - +2 broad axe (chop)
rCold    . . .     Gourm    .   o - +2 buckler
rNeg     . . .     Faith    .   x - +5 leather armour "Tamalouss" {*Contam rElec MR+}
rPois    .         Spirit   .   (helmet restricted)
rElec    +         Reflect  .   I - +1 cloak {MR+}
rCorr    .         Harm     .   (no gloves)
MR       ++...                  (no boots)
Stlth    +.........             (no amulet)
HPRegen  0.28/turn              s - ring of protection from fire
MPRegen  0.14/turn              C - +3 ring of evasion

@: no status effects
A: retaliatory headbutt, horns 2
a: Heroism, Finesse, Renounce Religion


You were on level 12 of the Dungeon.
You worshipped Okawaru.
Okawaru was exalted by your worship.
You were not hungry.

You visited 2 branches of the dungeon, and saw 13 of its levels.
You also visited: Bailey.

You collected 1453 gold pieces.
You spent 611 gold pieces at shops.

Inventory:

Hand Weapons
 b - a +4 war axe of distortion
 R - a +1 hand axe of freezing
 U - a +2 broad axe of chopping (weapon)
Missiles
 d - 10 throwing nets
 g - 313 stones
 h - 8 tomahawks of returning
 n - 6 tomahawks (quivered)
 M - 6 poisoned tomahawks
 N - 6 steel tomahawks
 P - 8 javelins of returning
Armour
 c - a +0 shield
 o - a +2 buckler (worn)
 x - the +5 leather armour "Tamalouss" (worn) {*Contam rElec MR+}
   (You took it off a gnoll sergeant in a bailey)

   It insulates you from electricity.
   It affects your resistance to hostile enchantments.
   It causes magical contamination when unequipped.
 I - a +1 cloak of magic resistance (worn)
Jewellery
 e - an uncursed ring of magical power
 j - a +4 ring of dexterity
 r - an uncursed ring of positive energy
 s - a ring of protection from fire (left hand)
 z - an uncursed ring of positive energy
 C - a +3 ring of evasion (right hand)
 H - an uncursed ring of fire
 K - an uncursed ring of stealth
Wands
 v - a wand of flame (56)
 A - a wand of iceblast (6)
 B - a wand of paralysis (10)
 G - a wand of acid (10)
 J - a wand of digging (13)
Scrolls
 k - 5 scrolls of teleportation
 l - a scroll of immolation
 q - 5 scrolls of remove curse
 t - 3 scrolls of enchant armour
 w - 3 scrolls of fear
 y - a scroll of fog
 D - 4 scrolls of amnesia
Potions
 i - 6 potions of flight
 m - a potion of agility
 p - a potion of ambrosia
 E - 3 potions of mutation
 F - 2 potions of lignification
 L - 4 potions of haste
 O - 2 potions of cancellation
 Q - a potion of degeneration {unknown}
Miscellaneous
 u - a phantom mirror
 S - a fan of gales
Comestibles
 f - 37 rations


   Skills:
 * Level 11.3 Fighting
 * Level 11.1 Axes
 + Level 5.1 Throwing
 * Level 11.4 Armour
 + Level 6.9 Dodging
 * Level 11.2 Shields
 + Level 6.1 Invocations


You had 11 spell levels left.
You didn't know any spells.
Your spell library contained the following spells:

 Spells                   Type           Power        Failure   Level  Hunger
 Confusing Touch          Hex            #.....       50%         1    ##.....
 Corona                   Hex            #......      50%         1    ##.....
 Flame Tongue             Conj/Fire      #....        50%         1    ##.....
 Summon Small Mammal      Summ           #...         50%         1    ##.....
 Call Imp                 Summ           #.......     65%         2    ###....
 Slow                     Hex            #.......     65%         2    ###....
 Throw Flame              Conj/Fire      #.....       65%         2    ###....
 Call Canine Familiar     Summ           #.......     86%         3    ####...
 Confuse                  Hex            #.......     86%         3    ####...
 Conjure Flame            Conj/Fire      #.......     86%         3    ####...
 Gell's Gravitas          Tloc           #.........   86%         3    ####...
 Inner Flame              Hex/Fire       #.......     86%         3    ####...
 Portal Projectile        Hex/Tloc       #.....       86%         3    ####...
 Summon Guardian Golem    Hex/Summ       #.......     86%         3    ####...
 Cause Fear               Hex            #.........   99%         4    #####..
 Leda's Liquefaction      Hex/Erth       #.........   99%         4    #####..
 Petrify                  Tmut/Erth      #.......     99%         4    #####..
 Sticky Flame             Conj/Fire      #.......     99%         4    #####..
 Summon Ice Beast         Ice/Summ       #.......     99%         4    #####..
 Summon Lightning Spire   Summ/Air       #.......     99%         4    #####..
 Fireball                 Conj/Fire      #.........   100%        5    ######.
 Metabolic Englaciation   Hex/Ice        #.........   100%        5    ######.
 Yara's Violent Unravell  Hex/Tmut       #.........   100%        5    ######.


Dungeon Overview and Level Annotations

Branches:
Dungeon (12/15)            Temple (1/1) D:4            Lair (0/6) D:11
    Orc (0/2) D:9

Altars:
Ashenzari
Cheibriados
Dithmenos
Elyvilon
Fedhas
Gozag
Hepliaklqana
Kikubaaqudgha
Makhleb
Nemelex Xobeh
Okawaru
Qazlal
Ru
Sif Muna
Trog
Uskayaw
Vehumet
Wu Jian
Xom
Yredelemnul
Zin
The Shining One

Shops:
D:10 =

Annotations:
D:3 2 transporters
D:5 2 runed doors, Tali's ghost, novice DsBe


Innate Abilities, Weirdness & Mutations

You reflexively headbutt those who attack you in melee.
You have a pair of horns on your head.


Message History

The white ugly thing barely misses you.
You slice the white ugly thing!!
Your headbutt misses the white ugly thing.
The white ugly thing is heavily wounded.
The white ugly thing kicks you! The white ugly thing freezes you!!
* * * LOW HITPOINT WARNING * * *
You are too injured to fight recklessly!
You are too injured to fight recklessly!
Unknown command.
You slash the white ugly thing!
The white ugly thing is heavily wounded.
The white ugly thing kicks you.
* * * LOW HITPOINT WARNING * * *
The white ugly thing freezes you!!
* * * LOW HITPOINT WARNING * * *
Unknown command.
You feel better. The white ugly thing kicks you.
* * * LOW HITPOINT WARNING * * *
The white ugly thing freezes you!!
You die...

.## ....# ##. ..## .... ##.. ...#
#### ... ###..# ...## #..## ..
##..... .#..## #...#
##..####...... ###..## #...#
##..# #........ ##..# ##..##
##..# #<.......
#..####.#######...# #......).
##...........@u...## ##.......
##....)............####.......
#...###..............#.>).....
##..##.......##....)...........
#............##......#.)#.....#
###..............#.....##.#..####
.......................##.####
....##..................#.#
...###..................#..


You could see a white ugly thing.

Vanquished Creatures
  A hydra (D:12)
  5 two-headed ogres
  A tengu warrior (D:8)
  2 skeletal warriors
  A phantasmal warrior (D:11)
  An ugly thing (D:11)
  A wizard (D:10)
  Joseph (D:10)
  Maurice (D:9)
  A kobold demonologist (D:11)
  A freezing wraith (D:11)
  2 trolls
  A queen bee (D:11)
  2 hornets (D:11)
  2 hippogriffs
  9 yaks
  2 wraiths (D:12)
  A wyvern (D:4)
  A vampire (D:10)
  A hungry ghost (D:7)
  Menkaure (D:7)
  A soldier ant (D:10)
  2 porcupines (D:11)
  2 black bears (D:9)
  2 orc warriors
  2 sky beasts
  A phantom (D:5)
  7 centaurs
  7 ogres
  3 crocodiles (D:11)
  A big kobold (D:10)
  5 bullfrogs
  9 gnoll sergeants
  A wyvern skeleton (D:9)
  A wyvern zombie (D:6)
  6 scorpions
  42 killer bees
  7 wights
  3 howler monkeys (D:10)
  An electric eel (D:11)
  8 crimson imps
  2 centaur zombies
  2 bullfrog zombies (D:11)
  6 hounds
  4 jellies
  A quasit (D:9)
  3 orc priests
  2 bullfrog skeletons
  6 gnoll shamans (Bailey)
  5 iguanas
  10 orc wizards
  9 worker ants
  A hound zombie (D:11)
  A worker ant zombie (D:10)
  23 gnolls
  10 adders
  A shadow imp (D:5)
  An adder zombie (D:8)
  2 adder skeletons
  A worm (D:3)
  A dart slug (D:1)
  5 leopard geckos
  32 orcs
  4 ball pythons
  4 bats
  3 giant cockroaches
  11 goblins
  4 hobgoblins
  23 jackals
  9 quokkas
  A frilled lizard (D:1)
  A jackal skeleton (D:8)
  4 kobolds
  A leopard gecko skeleton (D:5)
  A quokka skeleton (D:4)
  3 rats
  A plant (D:11)
347 creatures vanquished.

Vanquished Creatures (others)
  A death knight (D:11)
  An efreet (D:11)
  2 yaks
  A sky beast (D:11)
  2 killer bees (D:11)
  A bush (D:11)
  4 fungi (D:11)
  9 plants (D:11)
21 creatures vanquished.

Grand Total: 368 creatures vanquished

Notes
Turn   | Place    | Note
-------+----------+-------------------------------------------
     0 | D:1      | DrunkBamboolord the Minotaur Fighter began the quest for
                  | the Orb.
     0 | D:1      | Reached XP level 1. HP: 19/19 MP: 0/0
   297 | D:1      | Reached XP level 2. HP: 27/27 MP: 1/1
   904 | D:2      | Reached XP level 3. HP: 32/33 MP: 2/2
  1537 | D:3      | Reached XP level 4. HP: 32/40 MP: 3/3
  1611 | D:3      | Found a transporter.
  1621 | D:3      | Noticed a kobold demonologist
  1631 | D:3      | Found a transporter.
  1908 | D:3      | Reached skill level 1 in Dodging
  2732 | D:4      | Reached XP level 5. HP: 43/47 MP: 4/4
  2795 | D:4      | Found a staircase to the Ecumenical Temple.
  2801 | Temple   | Entered the Ecumenical Temple
  2895 | Temple   | Became a worshipper of Warmaster Okawaru
  2948 | D:4      | Noticed a centaur
  2962 | D:4      | Killed a centaur
  3252 | D:4      | Noticed a wyvern
  3261 | D:4      | Killed a wyvern
  3261 | D:4      | Reached * piety under Okawaru
  3261 | D:4      | Reached skill level 5 in Fighting
  3261 | D:4      | Reached skill level 5 in Armour
  3261 | D:4      | Reached skill level 5 in Shields
  3261 | D:4      | Reached skill level 1 in Invocations
  3261 | D:4      | Reached XP level 6. HP: 38/56 MP: 5/5
  3739 | D:5      | Entered Level 5 of the Dungeon
  3739 | D:5      | Noticed a sky beast
  3862 | D:4      | Killed a sky beast
  3862 | D:4      | Reached XP level 7. HP: 10/61 MP: 3/7
  3864 | D:4      | HP: 1/61 [something/puff of flame (6)]
  3869 | D:4      | Reached skill level 5 in Axes
  4268 | D:5      | Reached ** piety under Okawaru
  4325 | D:5      | Found a runed door.
  4326 | D:5      | Noticed Tali's ghost (novice DsBe)
  4469 | D:5      | Reached XP level 8. HP: 8/70 MP: 8/8
  4477 | D:5      | HP: 3/70 [poisoned by a killer bee]
  4484 | D:5      | HP: 1/70 [poisoned by a killer bee]
  5021 | D:5      | Found a runed door.
  5538 | D:6      | Reached *** piety under Okawaru
  5978 | D:7      | Received a gift from Okawaru
  5978 | D:7      | Reached XP level 9. HP: 70/79 MP: 10/10
  6015 | D:7      | Found a glowing golden altar of the Shining One.
  6120 | D:7      | Noticed Menkaure
  6127 | D:7      | Killed Menkaure
  6518 | D:8      | Reached skill level 1 in Throwing
  6555 | D:8      | Noticed a two-headed ogre
  6564 | D:8      | Killed a two-headed ogre
  6605 | D:8      | Found a flagged portal.
  6628 | Bailey   | Entered a bailey
  7235 | Bailey   | Reached XP level 10. HP: 25/90 MP: 8/11
  7257 | Bailey   | Got a shimmering leather armour
  7754 | D:8      | Noticed a tengu warrior
  7762 | D:8      | Killed a tengu warrior
  7768 | D:8      | Reached **** piety under Okawaru
  7798 | D:8      | Reached skill level 5 in Dodging
  8600 | D:9      | Found a staircase to the Orcish Mines.
  8711 | D:9      | Noticed a two-headed ogre
  8717 | D:9      | Killed a two-headed ogre
  9034 | D:9      | Noticed Maurice
  9595 | D:9      | Killed Maurice
  9595 | D:9      | Reached ***** piety under Okawaru
 10029 | D:10     | Entered Level 10 of the Dungeon
 10209 | D:10     | Reached XP level 11. HP: 79/97 MP: 13/13
 10280 | D:10     | Found Agiziqog's Jewellery Shoppe.
 10351 | D:10     | Received a gift from Okawaru
 10380 | D:10     | Identified the +5 leather armour "Tamalouss" {*Contam rElec
                  | MR+} (You took it off a gnoll sergeant in a bailey)
 10445 | D:10     | Found a bloodstained altar of Trog.
 10446 | D:10     | Noticed a wizard
 10500 | D:10     | Killed a wizard
 10548 | D:10     | Reached skill level 5 in Invocations
 10568 | D:10     | Noticed Joseph
 10614 | D:10     | Killed Joseph
 10614 | D:10     | Received a gift from Okawaru
 10791 | D:10     | Reached skill level 10 in Armour
 11130 | D:10     | Identified a scroll of acquirement
 11176 | D:11     | Found Ceycha's Distillery.
 11270 | D:11     | Bought a potion of heal wounds for 65 gold pieces
 11270 | D:11     | Bought a potion of haste for 130 gold pieces
 11270 | D:11     | Bought a potion of haste for 130 gold pieces
 11270 | D:11     | Bought a potion of cancellation for 104 gold pieces
 11270 | D:11     | Bought a potion of cancellation for 104 gold pieces
 11270 | D:11     | Bought a potion of flight for 39 gold pieces
 11270 | D:11     | Bought a potion of flight for 39 gold pieces
 11291 | D:11     | Noticed a death knight
 11291 | D:11     | Noticed a skeletal warrior
 11291 | D:11     | Noticed a phantasmal warrior
 11291 | D:11     | Noticed a skeletal warrior
 11303 | D:11     | Killed a phantasmal warrior
 11311 | D:11     | Reached skill level 10 in Fighting
 11311 | D:11     | Reached skill level 10 in Shields
 11314 | D:11     | Banished a death knight
 11724 | D:11     | Killed a skeletal warrior
 11726 | D:11     | Found a staircase to the Lair.
 11735 | D:11     | Reached skill level 10 in Axes
 11985 | D:11     | Received a gift from Okawaru
 12055 | D:11     | Noticed a cyan ugly thing
 12811 | D:11     | Killed a cyan ugly thing
 12811 | D:11     | Received a gift from Okawaru
 12811 | D:11     | Reached XP level 12. HP: 79/108 MP: 15/15
 12957 | D:12     | Noticed a two-headed ogre
 12962 | D:12     | Killed a two-headed ogre
 12987 | D:12     | Reached ****** piety under Okawaru
 12989 | D:12     | Received a gift from Okawaru
 13267 | D:12     | Received a gift from Okawaru
 13273 | D:12     | Noticed a two-headed ogre
 13461 | D:12     | Killed a two-headed ogre
 13502 | D:12     | Noticed a two-headed ogre
 13510 | D:12     | Killed a two-headed ogre
 13510 | D:12     | Received a gift from Okawaru
 13510 | D:12     | Reached skill level 5 in Throwing
 13520 | D:12     | Noticed a six-headed hydra
 13532 | D:12     | Killed an eight-headed hydra
 13799 | D:12     | Mangled by a white ugly thing

Skill      XL: |  1  2  3  4  5  6  7  8  9 10 11 12 |
---------------+-------------------------------------+-----
Armour         | 4 5 6 7 8 9 10 11 | 11.4
Fighting       | 4 5 6 7 8 9 10 11 | 11.3
Axes           | 3 4 5 6 8 9 10 11 | 11.1
Shields        | 4 5 6 7 8 9 10 11 | 11.2
Dodging        | 1 2 3 4 5 6 |  6.9
Invocations    | 1 2 3 4 5 6 |  6.1
Throwing       | 2 3 4 5 |  5.1

Action                   |  1- 3 |  4- 6 |  7- 9 | 10-12 || total
-------------------------+-------+-------+-------+-------++-------
Melee: War axe           |    60 |    67 |   249 |   473 ||   849
       Headbutt          |     6 |    15 |    62 |   107 ||   190
       Broad axe         |       |       |       |    27 ||    27
Throw: Tomahawk          |       |       |       |    28 ||    28
       Stone             |       |       |       |     6 ||     6
       Throwing net      |       |       |       |     2 ||     2
Invok: Heroism           |       |     1 |     9 |     9 ||    19
Evoke: Wand              |       |       |     6 |     6 ||    12
  Use: Scroll            |     7 |     3 |    14 |     8 ||    32
       Potion            |       |     5 |     4 |     7 ||    16
 Stab: Paralysed         |       |       |       |     3 ||     3
  Eat: Ration            |     1 |     1 |     1 |     1 ||     4
       Chunk             |       |     2 |     9 |    18 ||    29
Armor: Scale mail        |    22 |    29 |    64 |    67 ||   182
       Leather armour    |       |       |       |    38 ||    38
       Skin              |       |       |       |     3 ||     3
Dodge: Dodged            |    24 |    33 |   168 |   374 ||   599
Block: Shield            |    18 |       |       |       ||    18
       Buckler           |    12 |    35 |   114 |   201 ||   362
